 Dungeon Crawl Stone Soup version 0.25-a0-589-g1e14c549ee (webtiles) character file.

Game seed: 4450017478392641998, levelgen mode: deterministic

39 GenChuck the Slasher (level 3, -4/18 HPs)
             Began as a Vine Stalker Gladiator on Mar 12, 2020.
             Killed from afar by Natasha (5 damage)
             ... with a magic dart
             ... on level 2 of the Dungeon on Mar 13, 2020.
             The game lasted 00:15:17 (1623 turns).

GenChuck the Slasher (Vine Stalker Gladiator)       Turns: 1623, Time: 00:15:18

Health: -4/18      AC:  4    Str: 17    XL:     3   Next: 45%
Magic:  0/4        EV: 12    Int:  8    God:
Gold:   106        SH:  3    Dex: 15    Spells: 2/2 levels left

rFire    . . .     SeeInvis .   o - +1 short sword (drain)
rCold    . . .     Gourm    .   j - +0 buckler
rNeg     . . .     Faith    .   b - +0 leather armour
rPois    .         Spirit   +   c - +0 helmet
rElec    .         Reflect  .   (no cloak)
rCorr    .         Harm     .   (no gloves)
MR       .....                  (no boots)
Stlth    +.........             (no amulet)
HPRegen  0.06/turn              (no ring)
MPRegen  0.09/turn              (no ring)

@: mighty, lightly drained
A: fangs 2, magic shield, antimagic bite, no potion heal 3, rot immunity
a: no special abilities


You were on level 2 of the Dungeon.
You were not hungry.

You visited 1 branch of the dungeon, and saw 2 of its levels.

You collected 106 gold pieces.

Inventory:

Hand Weapons
 a - a +0 long sword
 o - a +1 short sword of draining (weapon)
Missiles
 d - a throwing net (quivered)
Armour
 b - a +0 leather armour (worn)
 c - a +0 helmet (worn)
 j - a +0 buckler (worn)
Scrolls
 i - a scroll of identify {unknown}
 l - 2 scrolls of noise {unknown}
 n - a scroll of enchant armour {unknown}
 p - a scroll of teleportation {unknown}
Potions
 g - a potion of might
 h - 2 potions of heal wounds {unknown}
 k - a potion of lignification {unknown}
Comestibles
 f - a ration


   Skills:
 * Level 2.2(2.0) Fighting
 - Level 3.1(2.8) Long Blades
 - Level 1.7(1.5) Throwing
 - Level 0.4(0.2) Armour
 - Level 2.7(2.5) Dodging
 - Level 0.8(0.6) Stealth
 * Level 0.2(0.0) Shields


You had 2 spell levels left.
You didn't know any spells.
Your spell library was empty.

Dungeon Overview and Level Annotations

Branches:
Dungeon (2/15)

Altars:

Annotations:
D:2 Natasha


Innate Abilities, Weirdness & Mutations

You have extremely sharp teeth.
When hurt, damage is shared between your health and your magic reserves.
Your bite disrupts and absorbs the magic of your enemies.
Potions cannot restore your health.
You are immune to rotting.


Message History

The puff of frost hits you.
Natasha mumbles some strange words.
A ball python comes into view.
The ball python moves out of view.
The white imp gestures at you. The puff of frost hits you!
Ouch! That really hurt!
The white imp shouts, "Decamp, thou bootless hasty-witted clack-dish!"
The white imp disappears in a puff of smoke!
Natasha zaps a wand.
The puff of flame hits you!
* * * LOW HITPOINT WARNING * * *
All of the chunks of flesh in your inventory have rotted away.
Natasha casts a spell at you. You resist with some effort.
It was a potion of curing.
That felt strangely inert.
It was a potion of might.
You feel very mighty all of a sudden. Natasha casts a spell at you.
The magic dart hits you.
You die...

#.#####.###....# #
#....((.....#.## #.
#.#####.###.#h# # #. #.# #.#
#.#.#### #.#.##.### #.#
#......#
#........###.###......#########
#.#.^..................).......
#.###.#.###...........########.
#....###......@.......# #.
#####.#.########..##### #.
##............# #.
#.#########..# #.
#.#########..######### #.
#..................... ..
############.######### ##
#.############# #..............


You could see Natasha.

Vanquished Creatures
  An adder (D:2)
  An ooze (D:2)
  2 dart slugs (D:1)
  A giant cockroach (D:1)
  4 goblins
  2 ball pythons
  2 bats (D:1)
  5 kobolds
  8 rats
26 creatures vanquished.

Notes
Turn   | Place    | Note
-------+----------+-------------------------------------------
     0 | D:1      | GenChuck the Vine Stalker Gladiator began the quest for the
                  | Orb.
     0 | D:1      | Reached XP level 1. HP: 11/11 MP: 2/2
   294 | D:1      | Reached XP level 2. HP: 15/15 MP: 3/3
   996 | D:2      | Reached skill level 3 in Long Blades
   996 | D:2      | Reached XP level 3. HP: 18/18 MP: 4/4
  1580 | D:2      | Noticed Natasha
  1623 | D:2      | Killed from afar by Natasha

Levels and vault maps discovered:
D:1:      dpeg_arrival_simpleton_a, layout_rooms
D:2:      layout_loops_ring, uniq_natasha

Skill      XL: |  1  2 |
---------------+-------+-----
Fighting       | 2 |  2.2
Long Blades    | 3 |  3.1
Throwing       | |  1.7
Armour         | |  0.4
Dodging        | |  2.7
Stealth        | |  0.8
Shields        | |  0.2

Action                   || total
-------------------------++-------
Melee: Long sword        ||    57
       Bite              ||    13
       Short sword       ||     2
Throw: Throwing net      ||     4
  Use: Potion            ||     2
 Stab: Sleeping          ||     2
  Eat: Ration            ||     1
       Chunk             ||     1
Armor: Leather armour    ||    12
Dodge: Dodged            ||    26
Block: Buckler           ||     4
       Rpst.: Long sword ||     4

Table legend:
 A = Non-vault XP
 B = Vault XP
 C = Vault XP percentage of total XP
 D = Non-vault monster count
 E = Vault monster count
 F = Vault count percentage of total count
                 A         B        C        D         E       F
            +---------+---------+-------+---------+---------+-------
      Total |      56 |       0 |   0.0 |      26 |       0 |   0.0
            +---------+---------+-------+---------+---------+-------
        D:1 |      25 |       0 |   0.0 |      15 |       0 |   0.0
        D:2 |      31 |       0 |   0.0 |      11 |       0 |   0.0
            +---------+---------+-------+---------+---------+-------
